 Dungeon Crawl Stone Soup version 0.19-a0-1007-g133f65f (webtiles) character file.

45826 Implojin the Grappler (level 14, -3/149 HPs)
             Began as a Troll Fighter on July 20, 2016.
             Was a High Priest of Okawaru.
             Slain by a greater naga
             ... wielding a +0 spear
              (13 damage)
             ... on level 4 of the Snake Pit.
             The game lasted 00:35:48 (4670 turns).

Implojin the Grappler (Troll Fighter)               Turns: 4670, Time: 00:35:49

Health: -3/149     AC:  9    Str: 27    XL:     14   Next: 2%
Magic:  10/19      EV: 16    Int:  4    God:    Okawaru [*****.]
Gold:   60         SH: 21    Dex: 13    Spells: 0 memorised, 13 levels left

rFire  . . .     SeeInvis .       - Unarmed
rCold  . . .     Gourm    +     H - +0 troll leather armour
rNeg   . . .     Faith    .     G - +0 large shield {reflect}
rPois  +         Spirit   .     (helmet restricted)
rElec  .         Dismiss  .     N - +0 cloak {rPois}
rCorr  .         Reflect  +     (gloves unavailable)
SustAt .         Harm     .     (boots unavailable)
MR     +....                    (no amulet)
Stlth  ++........               (no ring)
                                y - ring of poison resistance

@: heroism, finesse, somewhat resistant to hostile enchantments, unstealthy
A: unfitting armour, claws 3, fast metabolism 3, gourmand, regeneration 2,
shaggy fur 1, tough skin 2
a: Heroism, Finesse, Renounce Religion


You were on level 4 of the Snake Pit.
You worshipped Okawaru.
Okawaru was extremely pleased with you.
You were full.

You visited 3 branches of the dungeon, and saw 20 of its levels.

You collected 165 gold pieces.
You spent 105 gold pieces at shops.

Inventory:

Hand Weapons
 a - a +0 blowgun
 m - the +3 quick blade of Evisceration {holy, MR+ Int+8, unknown}
   (Okawaru gifted it to you on level 3 of the Snake Pit)

   It has been blessed by the Shining One to cause great damage to the undead
   and demons.
   It affects your intelligence (+8).
   It affects your resistance to hostile enchantments.
 p - a +1 morningstar
 r - a +0 mace of protection
 K - a cursed -1 war axe
 L - a +0 blowgun
 O - a +1 hand axe of freezing
 P - a +4 vampiric scimitar
 R - a +2 war axe of flaming
Missiles
 i - 6 tomahawks (quivered)
 C - 7 large rocks
 E - 2 javelins
Armour
 b - a +0 shield
 G - a +0 large shield of reflection (worn)
 H - a +0 troll leather armour (worn)
 N - a +0 cloak of poison resistance (worn)
 Q - a +0 robe of magic resistance
 U - a +1 robe of fire resistance
 V - the +1 robe of Onnetiah {rN+ MR+ Slay+2, unknown}
   (Okawaru gifted it to you on level 4 of the Snake Pit)

   It affects your accuracy and damage with ranged weapons and melee attacks
   (+2).
   It protects you from negative energy.
   It affects your resistance to hostile enchantments.
Magical Staves
 q - an uncursed staff of death {unknown}
Jewellery
 s - an uncursed ring of ice
 y - a ring of poison resistance (left claw)
 S - an uncursed amulet of harm
Wands
 e - a wand of flame (42/48)
 o - a wand of iceblast (5/15)
 t - a wand of digging (14/24)
 u - a wand of iceblast (2/15)
 z - a wand of confusion (18/48)
 A - a wand of acid (5/15)
 B - a wand of iceblast (7/15)
 T - a wand of digging (3/24)
Scrolls
 j - a scroll of immolation
 l - a scroll of fear
 w - a scroll of random uselessness
 x - a scroll of noise
 I - 3 scrolls of amnesia
 M - a scroll of vulnerability {unknown}
Potions
 f - a potion of flight
 n - 2 potions of curing
 D - a potion of mutation
 F - a potion of resistance
 J - a potion of degeneration
Comestibles
 c - 9 slices of pizza
 d - 3 bread rations
 g - 2 beef jerkies
 h - 3 meat rations
 v - 3 fruits


   Skills:
 - Level 12.0(17.0) Fighting
 * Level 6.6(11.6) Dodging
 - Level 10.2(15.2) Shields
 - Level 12.1(17.1) Unarmed Combat
 - Level 8.4 Invocations


You had 13 spell levels left.
You didn't know any spells.

Dungeon Overview and Level Annotations

Branches:
Dungeon (13/15)              Lair (3/6) D:9           Snake (4/4) Lair:3
    Orc (0/2) D:9          Vaults (0/5) D:13
 Temple: D:4-7        Swamp: Lair:2-4    Shoals: Lair:2-4

Altars:
Gozag
Nemelex Xobeh
Okawaru
Qazlal
Trog
Uskayaw
Xom
Zin
The Shining One

Shops:
D:11 *%??   Snake:2 *   Snake:4 *

Annotations:
D:8 kinggod's ghost, novice DEEn
D:11 exclusion: upstairs


Innate Abilities, Weirdness & Mutations

You are too large for most types of armour.
You have claws for hands.
Your metabolism is lightning-fast.
You like to eat raw meat.
You heal very quickly.
You are covered in fur. (AC +1)
You have very tough skin. (AC +2)


Message History

You claw the naga warrior!
The naga warrior is heavily wounded.
You mangle the naga warrior!!
The naga warrior is severely wounded.
The naga warrior blocks your attack.
The naga warrior is severely wounded.
You mangle the naga warrior!!
You kill the naga warrior!
Okawaru accepts your kill.
There is an open door, spattered with blood here.
Things that are here:
a long sword; a large shield; a naga corpse Your claws slow down.
There is an open door, spattered with blood here.
You see here a flail.
A greater naga comes into view. It is wielding a spear.
The greater naga shouts!
The greater naga spits poison at you. The splash of poison misses you.
Unknown command.
The greater naga gestures wildly while chanting.
The greater naga seems to speed up.
There is an open door, spattered with blood here.
You see here a flail.
You can now deal lightning-fast blows.
You eviscerate the greater naga!!!
The greater naga is heavily wounded.
You barely miss the greater naga.
The greater naga is heavily wounded.
The greater naga points at you and mumbles some strange words.
The orb of energy hits you!
* * * LOW HITPOINT WARNING * * *
The orb of energy explodes!
Unknown command.
You barely miss the greater naga.
The greater naga is heavily wounded.
You closely miss the greater naga.
The greater naga is heavily wounded.
The greater naga hits you with a spear!
You die...

.................#
........#####†#######
........#...#.......#
........#...........#
........#.....#)#...#
........#...###.##..#
....(...#...#....#..#
........#...#....N..#
........#...#...@#.##
........#...#....#.)#
###### ##..######))#
#....# #...........#
##....' #...........#
#.....# #...........#
#'##.....#
#...........#
.........#
##N)....N..##
..######'##
#'#########
...........


You could see a greater naga.

Vanquished Creatures
  Nikola (Snake:4)
  4 greater nagas (Snake:4)
  7 naga warriors
  A hydra (Lair:2)
  8 anacondas
  5 naga sharpshooters
  A shock serpent (Snake:2)
  An iron troll (D:13)
  2 naga ritualists
  Pikel (D:7)
  10 mana vipers
  4 salamanders
  A cyclops (D:13)
  2 naga magi
  15 black mambas
  9 guardian serpents (Snake:4)
  2 spiny frogs (Lair:3)
  2 komodo dragons
  A two-headed ogre (D:13)
  4 yaks (Lair:2)
  A wyvern (D:12)
  A hungry ghost (D:9)
  A human (D:9)
  2 hippogriffs (D:11)
  22 nagas
  A soldier ant (D:8)
  A swamp worm (shapeshifter) (D:13)
  4 water moccasins
  A porcupine (Lair:3)
  An ice beast (D:6)
  2 orc warriors
  A slave (D:7)
  A phantom (D:11)
  A black bear (D:7)
  A necrophage (D:9)
  2 ogres (D:11)
  A big kobold (D:7)
  3 giant frogs
  2 scorpions
  3 howler monkeys
  3 crimson imps
  A giant frog zombie (D:6)
  An orc priest (D:6)
  Ijyb (D:3)
  3 iguanas
  4 orc wizards
  2 worker ants
  2 sheep (D:13)
  3 adders
  7 river rats (Lair:3)
  A shadow imp (D:11)
  An adder zombie (D:8)
  2 giant geckos
  17 orcs
  2 ball pythons
  5 giant cockroaches
  2 goblins (D:2)
  4 hobgoblins
  4 jackals
  7 kobolds
  2 quokkas
  2 bats
  A giant newt (D:2)
  A jackal zombie (D:5)
  2 rats
  A plant (Lair:2)
214 creatures vanquished.

Vanquished Creatures (others)
  A centaur (D:7)
1 creature vanquished.

Grand Total: 215 creatures vanquished

Notes
Turn   | Place    | Note
-------+----------+-------------------------------------------
     0 | D:1      | Implojin the Troll Fighter began the quest for the Orb.
     0 | D:1      | Reached XP level 1. HP: 22/22 MP: 0/0
   347 | D:2      | Reached XP level 2. HP: 28/29 MP: 1/1
   388 | D:2      | Reached skill level 3 in Unarmed Combat
   566 | D:2      | Reached XP level 3. HP: 31/36 MP: 2/2
   649 | D:3      | Noticed Ijyb
   668 | D:3      | Killed Ijyb
   668 | D:3      | Reached skill level 4 in Unarmed Combat
   668 | D:3      | Reached XP level 4. HP: 35/44 MP: 3/3
   720 | D:4      | Reached skill level 5 in Unarmed Combat
   741 | D:4      | Reached XP level 5. HP: 38/50 MP: 4/4
   760 | D:5      | Entered Level 5 of the Dungeon
   760 | D:5      | Noticed a water moccasin
   777 | D:5      | Killed a water moccasin
   777 | D:5      | Reached skill level 6 in Unarmed Combat
   779 | D:5      | Reached XP level 6. HP: 59/59 MP: 5/5
   945 | D:6      | Reached skill level 7 in Unarmed Combat
   972 | D:6      | Noticed an ice beast
   993 | D:6      | Reached XP level 7. HP: 50/66 MP: 6/6
  1001 | D:6      | Reached skill level 8 in Unarmed Combat
  1069 | D:7      | Found an opulent altar of Gozag.
  1073 | D:7      | Noticed Pikel
  1105 | D:7      | Killed Pikel
  1105 | D:7      | Reached skill level 9 in Unarmed Combat
  1105 | D:7      | Reached XP level 8. HP: 46/74 MP: 7/7
  1169 | D:7      | Reached skill level 10 in Unarmed Combat
  1176 | D:7      | Found an iron altar of Okawaru.
  1180 | D:7      | Became a worshipper of Warmaster Okawaru
  1186 | D:7      | Found a hide-covered altar of Uskayaw.
  1192 | D:7      | Found a glowing golden altar of the Shining One.
  1197 | D:7      | Found a shimmering altar of Xom.
  1201 | D:7      | Found a sparkling altar of Nemelex Xobeh.
  1206 | D:7      | Found a glowing silver altar of Zin.
  1210 | D:7      | Found a bloodstained altar of Trog.
  1307 | D:8      | Noticed kinggod's ghost (novice DEEn)
  1380 | D:10     | Entered Level 10 of the Dungeon
  1398 | D:10     | Reached skill level 11 in Unarmed Combat
  1480 | D:8      | Reached * piety under Okawaru
  1516 | D:8      | Reached XP level 9. HP: 80/80 MP: 8/8
  1598 | D:11     | Noticed a komodo dragon
  1608 | D:11     | Killed a komodo dragon
  1608 | D:11     | Reached skill level 12 in Unarmed Combat
  1644 | D:11     | Reached skill level 1 in Invocations
  1667 | D:11     | Reached skill level 2 in Invocations
  1748 | D:11     | Found Tibiwegroatt's Assorted Antiques.
  1762 | D:11     | Bought 2 golden potions for 48 gold pieces
  1762 | D:11     | Bought a scroll labeled JEVARRO FYPSYTZ for 27 gold pieces
  1855 | D:11     | Reached skill level 3 in Invocations
  1892 | D:10     | Found a stormy altar of Qazlal.
  2063 | D:11     | Found Xaoc's Food Shoppe.
  2137 | D:11     | Found Neat's Magic Scroll Boutique.
  2146 | D:11     | Bought a scroll of identify for 30 gold pieces
  2207 | D:11     | Reached skill level 4 in Invocations
  2257 | D:11     | Found Kigatoet's Magic Scroll Shoppe.
  2325 | D:12     | Reached ** piety under Okawaru
  2325 | D:12     | Reached skill level 3 in Fighting
  2415 | D:13     | Noticed a fire crab
  2416 | D:13     | Noticed a cyclops
  2428 | D:13     | Killed a cyclops
  2428 | D:13     | Reached skill level 5 in Fighting
  2440 | D:13     | Noticed an anaconda
  2440 | D:13     | Noticed an iron troll
  2451 | D:13     | an anaconda changed into a swamp worm
  2457 | D:13     | Killed an iron troll
  2457 | D:13     | Reached XP level 10. HP: 36/98 MP: 9/12
  2458 | D:13     | Reached skill level 6 in Fighting
  2461 | D:13     | Reached *** piety under Okawaru
  2475 | D:13     | Found a gate to the Vaults.
  2584 | D:9      | Found a staircase to the Orcish Mines.
  2599 | D:9      | Found a staircase to the Lair.
  2608 | Lair:1   | Entered Level 1 of the Lair of Beasts
  2624 | Lair:1   | Identified a scroll of acquirement
  2662 | Lair:2   | Noticed a five-headed hydra
  2668 | Lair:2   | Killed a five-headed hydra
  2668 | Lair:2   | Reached skill level 7 in Fighting
  2708 | Lair:2   | Reached **** piety under Okawaru
  2810 | Lair:3   | Reached skill level 8 in Fighting
  2872 | Lair:3   | Noticed a spiny frog
  2881 | Lair:3   | Killed a spiny frog
  2897 | Lair:3   | Noticed a spiny frog
  2902 | Lair:3   | Killed a spiny frog
  2902 | Lair:3   | Reached skill level 9 in Fighting
  2924 | Lair:3   | Found a staircase to the Snake Pit.
  2937 | Snake:1  | Entered Level 1 of the Snake Pit
  2940 | Snake:1  | Noticed a black mamba
  2941 | Snake:1  | Noticed a naga ritualist
  2941 | Snake:1  | Noticed a mana viper
  2941 | Snake:1  | Noticed a black mamba
  2942 | Snake:1  | Noticed an anaconda
  2943 | Snake:1  | Noticed a naga mage
  2949 | Snake:1  | Killed a mana viper
  2951 | Snake:1  | Noticed a black mamba
  2954 | Snake:1  | Noticed a black mamba
  2959 | Snake:1  | Noticed a black mamba
  2969 | Snake:1  | Noticed a mana viper
  2983 | Snake:1  | Killed a mana viper
  2983 | Snake:1  | Reached ***** piety under Okawaru
  2983 | Snake:1  | Reached XP level 11. HP: 17/117 MP: 0/13
  3040 | Snake:1  | Noticed a mana viper
  3048 | Snake:1  | Killed a mana viper
  3096 | Snake:1  | Noticed a mana viper
  3098 | Snake:1  | Noticed a naga ritualist
  3104 | Snake:1  | Noticed a mana viper
  3104 | Snake:1  | Killed a mana viper
  3104 | Snake:1  | Reached skill level 10 in Fighting
  3118 | Snake:1  | Killed a mana viper
  3136 | Snake:1  | Killed a naga ritualist
  3191 | Snake:2  | Reached skill level 11 in Fighting
  3239 | Snake:2  | Noticed a naga warrior
  3266 | Snake:2  | Killed a naga warrior
  3297 | Snake:2  | Noticed an anaconda
  3313 | Snake:2  | Killed an anaconda
  3313 | Snake:2  | Received a gift from Okawaru
  3341 | Snake:2  | Noticed a mana viper
  3352 | Snake:2  | Killed a mana viper
  3352 | Snake:2  | Reached skill level 12 in Fighting
  3415 | Snake:2  | Reached skill level 3 in Shields
  3438 | Snake:2  | Noticed a mana viper
  3442 | Snake:2  | Killed a mana viper
  3513 | Snake:2  | Reached skill level 4 in Shields
  3513 | Snake:2  | Reached XP level 12. HP: 97/132 MP: 11/14
  3525 | Snake:2  | Found Lenusch's General Store.
  3572 | Snake:2  | HP: 2/132 [mana viper (15)]
  3575 | Snake:2  | Reached skill level 5 in Shields
  3718 | Snake:2  | Reached skill level 6 in Shields
  3724 | Snake:2  | Noticed an anaconda
  3784 | Snake:2  | Killed an anaconda
  3784 | Snake:2  | Reached skill level 7 in Shields
  3866 | Snake:3  | Received a gift from Okawaru
  3867 | Snake:3  | Got a bloodstained quick blade {god gift}
  3901 | Snake:3  | Reached skill level 8 in Shields
  3904 | Snake:4  | Entered Level 4 of the Snake Pit
  3909 | Snake:4  | Found Oqiryt's General Store.
  3914 | Snake:4  | Noticed Nikola
  3939 | Snake:4  | Killed Nikola
  3939 | Snake:4  | Reached skill level 9 in Shields
  3952 | Snake:4  | Noticed an anaconda
  3953 | Snake:4  | Noticed an anaconda
  3954 | Snake:4  | Noticed a greater naga
  3965 | Snake:4  | Killed an anaconda
  3970 | Snake:4  | Killed an anaconda
  3973 | Snake:4  | Noticed a greater naga
  4001 | Snake:4  | Received a gift from Okawaru
  4072 | Snake:4  | Reached XP level 13. HP: 100/140 MP: 12/15
  4104 | Snake:4  | Killed a greater naga
  4104 | Snake:4  | Reached skill level 10 in Shields
  4107 | Snake:4  | Noticed a greater naga
  4149 | Snake:4  | Reached skill level 5 in Invocations
  4265 | Snake:4  | Reached skill level 6 in Invocations
  4285 | Snake:4  | Received a gift from Okawaru
  4298 | Snake:4  | Received a gift from Okawaru
  4298 | Snake:4  | Reached skill level 7 in Invocations
  4333 | Snake:4  | HP: 6/140 [greater naga/flail (17)]
  4339 | Snake:4  | HP: 7/140 [poisoned by a naga warrior (splash of poison)]
  4340 | Snake:4  | Killed a greater naga
  4340 | Snake:4  | Reached skill level 8 in Invocations
  4459 | Snake:4  | Reached skill level 3 in Dodging
  4507 | Snake:4  | Noticed a greater naga
  4537 | Snake:4  | Killed a greater naga
  4537 | Snake:4  | Reached skill level 4 in Dodging
  4571 | Snake:4  | Reached skill level 5 in Dodging
  4596 | Snake:4  | Noticed a greater naga
  4605 | Snake:4  | Noticed a greater naga
  4611 | Snake:4  | Killed a greater naga
  4611 | Snake:4  | Received a gift from Okawaru
  4611 | Snake:4  | Reached skill level 6 in Dodging
  4612 | Snake:4  | Got a silken robe {god gift}
  4639 | Snake:4  | Reached XP level 14. HP: 32/149 MP: 11/19
  4657 | Snake:4  | Noticed a greater naga
  4670 | Snake:4  | Slain by a greater naga

Vault maps used:
D:1:      lightli_arrival_isolated_outpost, minmay_distorted
D:2:      lemuel_upstairs_altar, first_bread
D:3:      uniq_iyjb
D:4:      gup_sewer_entry_bubbles
D:5:      serial_bayou_lake_a
D:6:      lemuel_doored_altar, guppyfry_shop_venom, uniq_crazy_yiuf_cottage
D:7:      nicolae_gozag_cash_rules_everything_around_me,
          grunt_temple_overflow_octagram, trog_book, uniq_pikel
D:8:      kennysheep_mini_moat, uniq_maurice, uniq_erica
D:9:      lair_0_dummy, orc_0_dummy, grunt_pizzeria
D:10:     basic_altar
D:11:     serial_shops, shop, shop, shop_statue, shop, nicolae_shop_trees,
          minivault_4
D:12:     serial_shops, nicolae_shop_temple_entry_statues_fountains
D:13:     minmay_firetagon, david_vaults_4, portal_ice_cave_entry_imps,
          uniq_erolcha, uniq_rupert, uniq_sonja
Lair:1:   beast_lair_carwin_11, serial_bayou_shore_b
Lair:2:   special_room, hangedman_lair_unloving_vines, minivault_11,
          beast_lair_carwin_9, grunt_megastairs_2
Lair:3:   shoals_dummy_entry, guppyfry_snake_entry_garden
Snake:1:  nicolae_snake_biting_tails
Snake:2:  serial_shops, shop, nicolae_shop_behind_doors,
          nicolae_snake_salamander_stairs
Snake:3:  minmay_shop_grove, uniq_agnes, uniq_vashnia, uniq_aizul, uniq_louise
Snake:4:  grunt_snake_rune_serpentine_throne, serial_shops,
          nicolae_shop_behind_doors, grunt_megastairs_4, uniq_nikola

Skill      XL: |  1  2  3  4  5  6  7  8  9 10 11 12 13 |
---------------+----------------------------------------+-----
Unarmed Combat | 3 4 5 6 7 9 11 12 | 12.1
Invocations    | 4 8 |  8.4
Fighting       | 5 9 12 | 12.0
Shields        | 4 9 10 | 10.2
Dodging        | 6 |  6.6

Action                   |  1- 3 |  4- 6 |  7- 9 | 10-12 | 13-15 || total
-------------------------+-------+-------+-------+-------+-------++-------
Melee: Unarmed           |    83 |   105 |   152 |   303 |   235 ||   878
Throw: Large rock        |       |       |       |     5 |       ||     5
       Tomahawk          |       |       |       |     2 |     2 ||     4
Invok: Heroism           |       |       |     6 |    33 |    12 ||    51
       Finesse           |       |       |       |     4 |     7 ||    11
Evoke: Wand              |       |       |       |     2 |       ||     2
  Use: Scroll            |       |       |    16 |    11 |     1 ||    28
       Potion            |       |       |     3 |     6 |     2 ||    11
 Stab: Sleeping          |       |       |     1 |       |       ||     1
  Eat: Chunk             |     4 |    10 |    17 |     5 |       ||    36
       Bread ration      |       |       |       |     1 |     2 ||     3
Armor: Robe              |    51 |    30 |    25 |       |       ||   106
       Troll leather arm |       |       |       |    26 |    10 ||    36
       Skin              |       |       |       |    14 |       ||    14
Dodge: Dodged            |    51 |    37 |    27 |    61 |    36 ||   212
Block: Shield            |    70 |    42 |    56 |     2 |       ||   170
       Large shield      |       |       |       |   188 |   166 ||   354
       Reflection        |       |       |       |    17 |    26 ||    43

Table legend:
 A = Turns spent in this place as a percentage of turns spent in the entire game.
 B = Non-inter-level travel turns spent in this place as a percentage of non-inter-level travel turns spent in the entire game.
 C = Inter-level travel turns spent in this place as a percentage of turns spent in this place.
 D = Turns resting spent in this place as a percentage of non-inter-level travel turns spent in this place.
 E = Turns spent auto-exploring this place as a percentage of non-inter-level travel turns spent in this place.
 F = Non-inter-level travel turns spent in this place divided by the number of levels of this place that you've seen.
                   A       B       C       D       E      F
               +-------+-------+-------+-------+-------+----------------------
         Total | 100.0 | 100.0 |   0.0 |   0.1 |   0.0 | 242.9
       Dungeon |  53.8 |  53.8 |   0.0 |   0.0 |   0.0 | 201.0
          Lair |   6.6 |   6.6 |   0.0 |   0.0 |   0.0 | 107.0
     Snake Pit |  39.6 |  39.6 |   0.0 |   0.4 |   0.0 | 480.8
               +-------+-------+-------+-------+-------+----------------------

Table legend:
 A = Kills in this place as a percentage of kills in entire the game.
 B = Kills by you in this place as a percentage of kills by you in the entire game.
 C = Kills by friends in this place as a percentage of kills by friends in the entire game.
 D = Other kills in this place as a percentage of other kills in the entire game.
 E = Experience gained in this place as a percentage of experience gained in the entire game.
 F = Experience gained in this place divided by the number of levels of this place that you have seen.
                   A       B       C       D       E      F
               +-------+-------+-------+-------+-------+----------------------
         Total | 100.0 | 100.0 |  -nan |  -nan | 100.0 | 3273.3
       Dungeon |  47.6 |  47.6 |  -nan |  -nan |   9.6 | 481.8
          Lair |  10.4 |  10.4 |  -nan |  -nan |   6.1 | 1322.0
     Snake Pit |  42.0 |  42.0 |  -nan |  -nan |  84.4 | 13809.2
               +-------+-------+-------+-------+-------+----------------------
